AoeStats
← sales96

Arena

509712175Analyzed
4v4 RM · 6d ago on Sep 27, 2026· 43m 2s· 8 players
Game mode
Random Map
Map size
Large (8 player)
Population
200
Speed
Normal
Resources
Standard
Victory
Conquest
Starting age
Dark Age
Ending age
Imperial Age
RankedLock teamsTeams togetherTeam positionsShared explorationLock speedFull tech treeHidden civsTurbo modeCheats
Victory
Defeat
🇦🇷 Varangians · Argentina
1517
+16
🇦🇷 Teutons · Argentina
1509
+17
🇦🇷 Franks · Argentina
1399
+21
🇦🇷 Britons · Argentina
1399
+21
🇲🇽 Muisca · Mexico
1595
-22
🇦🇷 Cumans · Argentina
1585
-21
🇲🇽 Mongols · Mexico
1560
-20
🇦🇷 Turks · Argentina
1340
-12
[ KOF ] M. Kowalski
10:47 Feudal Age
11:39 Loom
14:56 Castle Age
13:02 Stone Mining
13:25 Double-Bit Axe
16:06 Fletching
18:28 Bodkin Arrow
40:07 Padded Archer Armor
43:03 Imperial Age
[KOF] JoakoM
5:43 Loom
8:03 Feudal Age
9:01 Double-Bit Axe
14:18 Wheelbarrow
19:13 Castle Age
18:36 Horse Collar
19:20 Bloodlines
19:22 Capped Ram
21:46 Scale Barding Armor
27:25 Chain Barding Armor
30:40 Hand Cart
34:45 Imperial Age
32:43 Forging
34:10 Bow Saw
33:51 Gold Mining
34:01 Heavy Plow
35:02 Iron Casting
34:53 Cavalier
36:10 Plate Barding Armor
38:17 Blast Furnace
39:17 Light Cavalry
40:21 Fletching
[KOF] alexisosunag
9:56 Feudal Age
12:25 Fletching
18:10 Castle Age
16:28 Loom
26:18 Double-Bit Axe
26:20 Horse Collar
27:27 Bow Saw
31:12 Ballistics
30:50 Bodkin Arrow
32:39 Wheelbarrow
33:52 Town Watch
38:21 Imperial Age
38:24 Elite Mangudai
39:07 Nomads
39:16 Bracer
39:23 Husbandry
39:48 Heavy Plow
40:11 Bloodlines
40:27 Padded Archer Armor
40:33 Scale Barding Armor
42:31 Chemistry
hK | Anubis
11:01 Feudal Age
14:51 Castle Age
14:02 Double-Bit Axe
14:00 Horse Collar
16:53 Bow Saw
22:27 Wheelbarrow
24:51 Hand Cart
24:52 Loom
25:17 Fletching
29:25 Imperial Age
27:18 Forging
28:43 Iron Casting
27:52 Pikeman
28:33 Squires
28:39 Scale Mail Armor
29:49 Bodkin Arrow
29:29 Elite Temple Guard
30:27 Chain Mail Armor
30:37 Conscription
33:15 Plate Mail Armor
33:40 Ballistics
sales96
10:54 Feudal Age
14:44 Castle Age
13:59 Loom
14:21 Double-Bit Axe
14:16 Horse Collar
14:28 Fletching
18:19 Town Watch
18:34 Bodkin Arrow
24:02 Wheelbarrow
25:59 Scale Barding Armor
27:49 Forging
29:07 Iron Casting
35:35 Imperial Age
34:12 Chain Barding Armor
34:42 Bow Saw
34:32 Heavy Plow
35:08 Stone Mining
35:09 Gold Mining
35:48 Elite Jarl
36:51 Conscription
37:46 Plate Barding Armor
37:01 Gothikon
39:04 Blast Furnace
38:38 Hand Cart
40:01 Crop Rotation
40:32 Two-Man Saw
39:33 Husbandry
39:46 Bloodlines
39:39 Husbandry
40:24 Bracer
42:14 Ballistics
42:30 Scale Mail Armor
Politox
10:46 Feudal Age
14:20 Castle Age
12:44 Double-Bit Axe
15:14 Bow Saw
15:46 Loom
23:04 Gold Mining
23:05 Stone Mining
24:05 Fervor
23:56 Scale Mail Armor
24:01 Scale Barding Armor
24:08 Forging
25:19 Wheelbarrow
25:09 Chain Barding Armor
26:17 Hand Cart
29:29 Imperial Age
27:38 Husbandry
28:15 Iron Casting
30:59 Plate Barding Armor
29:45 Cavalier
30:37 Chivalry
31:00 Conscription
31:50 Blast Furnace
35:51 Siege Engineers
37:03 Paladin
40:37 Chemistry
39:18 Treadmill Crane
39:50 Masonry
39:32 Fletching
40:39 Bodkin Arrow
41:29 Padded Archer Armor
41:52 Ballistics
41:44 Fortified Wall
41:24 Town Watch
42:15 Gold Shaft Mining
42:12 Town Patrol
42:32 Leather Archer Armor
42:19 Scale Mail Armor
42:58 Hoardings
41:48 Light Cavalry
luch0_ta
11:19 Feudal Age
15:22 Castle Age
13:16 Double-Bit Axe
14:08 Horse Collar
16:39 Bow Saw
24:15 Fortified Wall
25:33 Wheelbarrow
24:45 Loom
30:03 Imperial Age
27:46 Scale Mail Armor
27:37 Pikeman
28:19 Squires
28:52 Forging
29:25 Wheelbarrow
29:39 Chain Mail Armor
31:22 Fletching
32:02 Ballistics
32:02 Padded Archer Armor
33:03 Chemistry
32:22 Bodkin Arrow
33:06 Conscription
33:51 Bracer
35:23 Leather Archer Armor
36:51 Heavy Plow
37:52 Two-Man Saw
37:23 Ring Archer Armor
39:42 Plate Mail Armor
40:32 Iron Casting
39:18 Halberdier
39:44 Gambesons
39:45 Arson
41:56 Elite Longbowman
43:38 Blast Furnace
42:50 Masonry
Jjota
6:20 Loom
8:43 Feudal Age
14:28 Fletching
28:12 Castle Age
27:02 Double-Bit Axe
26:57 Horse Collar
27:10 Gold Mining
31:01 Bow Saw
35:42 Ballistics
36:08 Bodkin Arrow
37:04 Town Watch
38:04 Heavy Plow
38:05 Guard Tower
42:50 Imperial Age
40:56 Wheelbarrow
42:40 Hand Cart
42:30 Town Patrol
Connection lost

Rejoining the realm…

Still unreachable

The connection could not be restored.

Session expired

The server has moved on; the page needs a fresh start.